 Dungeon Crawl Stone Soup version 0.26.1-11-gd32895ea62 (webtiles) character file.

Game seed: 16350224654819945244

13125 Jerry the Grappler (level 11, -5/109 HPs)
             Began as a Troll Delver on June 9, 2021.
             Slain by Urug
             ... wielding a +0 vorpal great mace
              (15 damage)
             ... on level 10 of the Dungeon.
             The game lasted 00:43:19 (11538 turns).

Jerry the Grappler (Troll Delver)                  Turns: 11538, Time: 00:43:20

Health: -5/109     AC: 16    Str: 22    XL:     11   Next: 71%
Magic:  10/10      EV: 14    Int:  9    God:
Gold:   727        SH:  0    Dex: 16    Spells: 10/10 levels left

rFire    . . .     SeeInvis .   n - +8 quarterstaff "Zoezemar" {speed, rN++ Dex+5}
rCold    + . .     Faith    .   (shield currently unavailable)
rNeg     + + .     Spirit   .   B - +2 robe {rC+}
rPois    .         Reflect  .   (helmet restricted)
rElec    .         Harm     .   (no cloak)
rCorr    .         Rampage  .   (gloves unavailable)
Will     .....                  (boots unavailable)
Stlth    +++.......             m - amulet of the acrobat
HPRegen  0.68/turn              C - +4 ring of protection
MPRegen  0.12/turn              q - +4 ring of protection

@: no status effects
A: large, unfitting armour, claws 3, regeneration 1, shaggy fur 1, tough skin 3
a: no special abilities


You were on level 10 of the Dungeon.
You visited 3 branches of the dungeon, and saw 14 of its levels.

You collected 844 gold pieces.
You spent 117 gold pieces at shops.

Inventory:

Hand Weapons
 n - the +8 quarterstaff "Zoezemar" (weapon) {speed, rN++ Dex+5}
   (You found it on level 7 of the Dungeon)

   Attacks with this weapon are significantly faster.
   It affects your dexterity (+5).
   It greatly protects you from negative energy.
Missiles
 i - 4 large rocks (quivered)
Armour
 B - a +2 robe of cold resistance (worn)
Jewellery
 m - an amulet of the acrobat (around neck)
 o - an uncursed ring of fire
 q - a +4 ring of protection (right claw)
 C - a +4 ring of protection (left claw)
Wands
 f - a wand of digging (1)
 h - a wand of acid (10)
 u - a wand of iceblast (6)
 w - a wand of paralysis (25)
 y - a wand of enslavement (8)
Scrolls
 b - 4 scrolls of fog
 c - a scroll of magic mapping
 d - 4 scrolls of fear
 g - 2 scrolls of identify
 k - a scroll of amnesia
 t - 6 scrolls of remove curse
 x - 6 scrolls of teleportation
Potions
 a - 3 potions of curing
 e - 2 potions of haste
 l - a potion of attraction
 p - a potion of resistance
 r - 2 potions of berserk rage
 s - a potion of heal wounds
 v - a potion of might
 z - 2 potions of mutation
Miscellaneous
 j - a tin of tremorstones (2/2)


   Skills:
 + Level 7.5 Fighting
 + Level 7.3 Dodging
 + Level 6.3 Stealth
 * Level 11.9 Unarmed Combat


You had 10 spell levels left.
You didn't know any spells.
Your spell library contained the following spells:

 Spells                   Type           Power        Failure   Level
 Foxfire                  Conj/Fire      0%           38%         1
 Magic Dart               Conj           0%           38%         1
 Sandblast                Erth           0%           38%         1
 Shock                    Conj/Air       0%           38%         1
 Summon Small Mammal      Summ           0%           38%         1
 Blink                    Tloc           N/A          52%         2
 Call Imp                 Summ           0%           52%         2
 Passwall                 Tmut/Erth      0%           52%         2
 Slow                     Hex            0%           52%         2
 Call Canine Familiar     Summ           0%           77%         3
 Confusing Touch          Hex            0%           77%         3
 Conjure Flame            Conj/Fire      0%           77%         3
 Gell's Gravitas          Tloc           0%           77%         3
 Mephitic Cloud           Conj/Pois/Air  0%           77%         3
 Stone Arrow              Conj/Erth      0%           77%         3
 Summon Guardian Golem    Hex/Summ       0%           77%         3
 Petrify                  Tmut/Erth      0%           99%         4
 Summon Ice Beast         Ice/Summ       0%           99%         4
 Summon Lightning Spire   Summ/Air       0%           99%         4
 Lee's Rapid Deconstruct  Erth           0%           100%        5
 Metabolic Englaciation   Hex/Ice        0%           100%        5
 Yara's Violent Unravell  Hex/Tmut       0%           100%        5


Dungeon Overview and Level Annotations

Branches:
Dungeon (11/15)            Temple (1/1) D:6             Orc (2/2) D:10
   Lair: D:8-11         Elf: Orc:2

Altars:
Ashenzari
Cheibriados
Dithmenos
Elyvilon
Fedhas
Gozag
Hepliaklqana
Kikubaaqudgha
Makhleb
Nemelex Xobeh
Okawaru
Qazlal
Ru
Sif Muna
Trog
Uskayaw
Vehumet
Wu Jian
Xom
Yredelemnul
Zin
The Shining One

Shops:
D:5 *   D:6 *   Orc:1 :

Annotations:
D:8 Maggie
D:9 1 runed translucent door, Sverke's ghost, journeyman FoFi
D:10 Urug
Orc:2 Saint Roka


Innate Abilities, Weirdness & Mutations

You are too large for most types of armour.
You have claws for hands.
Your natural rate of healing is unusually fast.
You are covered in fur. (AC +1)
You have extremely tough skin. (AC +3)


Message History

Urug barely misses you.
You hit Urug.
Urug is severely wounded.
Urug hits you with a +0 vorpal great mace!
* * * LOW HITPOINT WARNING * * *
x2 You hit Urug.
Urug is severely wounded.
You hit Urug but do no damage.
Urug is severely wounded.
Urug hits you with a +0 vorpal great mace!!
* * * LOW HITPOINT WARNING * * *
x2 You barely miss Urug.
Urug is severely wounded.
Urug hits you but does no damage.
You sock Urug!
Urug is almost dead.
You hit Urug.
Urug is almost dead.
Urug hits you with a +0 vorpal great mace!
You die...

.!####.......###.#..........##..'
..##.........##.>#....[<....#####
..'..#..........##.....[.[..# #
..####.......############[### #
### ####.#### ##)# # #...# #..#
###.# ###.## #####'###### #...#
#.......##@# ###.### #.......##o#
#.....#
#######.......##o###.....#
......'.......##.........#
#######.....o.[...##.....#
#.......######.....# #.......#
####### #.......# #########


You could see Urug and an orc warrior.

Vanquished Creatures
  Erica (D:8)
  2 two-headed ogres
  2 orc knights
  Pikel (D:8)
  2 orc sorcerers (Orc:1)
  Psyche (D:9)
  2 trolls
  A wraith (D:10)
  5 yaks (D:9)
  Menkaure (D:5)
  A warg (Orc:1)
  A water moccasin (D:9)
  17 orc warriors
  3 sky beasts
  9 ice beasts
  3 black bears
  An eye of draining (D:9)
  2 necrophages (D:8)
  3 centaurs
  7 ogres
  2 phantoms
  3 lemures
  4 bullfrogs
  Blork the orc (D:5)
  A wyvern skeleton (D:7)
  3 scorpions
  8 killer bees
  3 howler monkeys
  4 wights (D:9)
  A centaur zombie (D:5)
  2 quasits
  5 hounds
  2 bullfrog skeletons (D:6)
  9 orc priests
  4 centaur skeletons
  An iguana (D:4)
  21 orc wizards
  4 worker ants
  A killer bee zombie (D:8)
  2 hound zombies
  2 hound skeletons
  3 worker ant zombies
  7 gnolls
  9 adders
  2 shadow imps (D:6)
  5 white imps
  2 ufetubi (D:9)
  An adder zombie (D:9)
  An adder skeleton (D:4)
  A worm (D:3)
  2 dart slugs
  5 leopard geckos
  44 orcs
  2 ball pythons
  4 bats
  8 giant cockroaches
  13 goblins
  5 hobgoblins
  15 jackals
  4 quokkas
  5 frilled lizards
  2 jackal skeletons
  8 kobolds
  10 rats
306 creatures vanquished.

Vanquished Creatures (others)
  An ogre (D:11)
  An orc (Orc:1)
  2 withered plants (D:9)
4 creatures vanquished.

Grand Total: 310 creatures vanquished

Notes
Turn   | Place    | Note
-------+----------+-------------------------------------------
     0 | D:5      | Jerry the Troll Delver began the quest for the Orb.
     0 | D:5      | Reached XP level 1. HP: 22/22 MP: 0/0
    60 | D:5      | Reached XP level 2. HP: 26/29 MP: 1/1
    66 | D:5      | Noticed an ice beast
   109 | D:5      | HP: 1/29 [something (3)]
   113 | D:5      | Reached XP level 3. HP: 5/36 MP: 2/2
   293 | D:3      | Reached XP level 4. HP: 31/44 MP: 3/3
   589 | D:3      | Reached skill level 3 in Unarmed Combat
  1146 | D:1      | Reached XP level 5. HP: 52/52 MP: 4/4
  1789 | D:2      | Found a broken altar of Ashenzari.
  1830 | D:2      | Found a faded altar of an unknown god.
  2263 | D:3      | Found an opulent altar of Gozag.
  2344 | D:3      | Found a shadowy altar of Dithmenos.
  2652 | D:4      | Paralysed by an orc wizard for 7 turns
  2676 | D:3      | Reached skill level 4 in Unarmed Combat
  2823 | D:4      | Paralysed by an orc wizard for 6 turns
  2832 | D:3      | Reached XP level 6. HP: 61/61 MP: 5/5
  3014 | D:4      | Found a hazy altar of Hepliaklqana.
  3287 | D:4      | Noticed an orc warrior
  3297 | D:4      | Killed an orc warrior
  3298 | D:4      | Reached skill level 5 in Unarmed Combat
  3298 | D:4      | Reached XP level 7. HP: 14/67 MP: 6/6
  3592 | D:4      | Found a shimmering blue altar of Sif Muna.
  3598 | D:4      | Identified Sif Muna's Incunabulum of Conjuration
  3606 | D:4      | Found a bloodstained altar of Trog.
  3657 | D:4      | Found a hide-covered altar of Uskayaw.
  4115 | D:5      | Found Qerribbiekh's General Store.
  4118 | D:5      | Bought 2 potions of curing for 78 gold pieces
  4118 | D:5      | Bought a scroll of teleportation for 39 gold pieces
  4207 | D:5      | Noticed Blork the orc
  4216 | D:5      | Killed Blork the orc
  4217 | D:5      | Reached skill level 6 in Unarmed Combat
  4217 | D:5      | Reached XP level 8. HP: 78/78 MP: 7/7
  4252 | D:5      | Noticed Menkaure
  4261 | D:5      | Killed Menkaure
  4481 | D:6      | Found Aybok's Alliterative Accessories.
  4629 | D:6      | Found a staircase to the Ecumenical Temple.
  4701 | D:6      | Found a shadowy altar of Dithmenos.
  4736 | Temple   | Entered the Ecumenical Temple
  4950 | D:6      | HP: 2/79 [bullfrog (7)]
  4969 | D:6      | Reached skill level 7 in Unarmed Combat
  5438 | D:6      | Found a snail-covered altar of Cheibriados.
  5534 | D:6      | Found a sacrificial altar of Ru.
  5862 | D:7      | Reached XP level 9. HP: 49/87 MP: 8/8
  6083 | D:7      | Reached skill level 5 in Fighting
  6222 | D:7      | Got a slimy quarterstaff
  6223 | D:7      | Identified the +8 quarterstaff "Zoezemar" {speed, rN++
                  | Dex+5} (You found it on level 7 of the Dungeon)
  6427 | D:7      | Reached skill level 8 in Unarmed Combat
  6785 | D:7      | Found a burning altar of Makhleb.
  6963 | D:8      | Noticed Erica
  6976 | D:8      | Killed Erica
  6977 | D:8      | Reached skill level 5 in Dodging
  6977 | D:8      | Reached skill level 5 in Stealth
  6977 | D:8      | Reached skill level 9 in Unarmed Combat
  7151 | D:8      | Noticed Maggie
  7410 | D:9      | Reached XP level 10. HP: 89/98 MP: 9/9
  7477 | D:9      | Noticed Psyche
  7485 | D:9      | Killed Psyche
  7523 | D:9      | Noticed Pikel
  7673 | D:8      | Killed Pikel
  7715 | D:9      | Reached skill level 10 in Unarmed Combat
  8205 | D:9      | Found a glowing silver altar of Zin.
  8276 | D:9      | Found a runed translucent door.
  8276 | D:9      | Noticed Sverke's ghost (journeyman FoFi)
  8455 | D:9      | Found a shimmering altar of Xom.
  8717 | D:10     | Entered Level 10 of the Dungeon
  8855 | D:10     | Found a staircase to the Orcish Mines.
  8856 | D:10     | Noticed a two-headed ogre
  9031 | D:9      | Killed a two-headed ogre
  9129 | D:10     | Noticed a two-headed ogre
  9173 | D:10     | Killed a two-headed ogre
  9174 | D:10     | Reached XP level 11. HP: 98/107 MP: 10/10
  9455 | D:10     | Reached skill level 11 in Unarmed Combat
  9619 | Orc:1    | Entered Level 1 of the Orcish Mines
  9754 | Orc:1    | Noticed an orc knight
  9914 | D:10     | Killed an orc knight
 10074 | Orc:1    | Found Gaoliapn's Book Shoppe.
 10150 | Orc:1    | Noticed an orc sorcerer
 10170 | Orc:1    | Noticed a sixfirhy
 10275 | Orc:1    | Paralysed by an orc sorcerer for 2 turns
 10285 | Orc:1    | Killed an orc sorcerer
 10463 | Orc:1    | Noticed an orc sorcerer
 10474 | Orc:1    | Killed an orc sorcerer
 10616 | Orc:2    | Entered Level 2 of the Orcish Mines
 10619 | Orc:2    | Noticed an orc high priest
 10924 | Orc:2    | Noticed an orc knight
 10945 | Orc:1    | HP: 4/109 [orc knight/+0 war axe (16)]
 10946 | Orc:1    | Killed an orc knight
 11156 | Orc:2    | Noticed Saint Roka
 11247 | D:11     | Noticed Urug
 11397 | D:11     | Noticed an orc knight
 11538 | D:10     | Slain by Urug

Illustrated notes

Levels and vault maps discovered:
D:1:      erik_arrival_orb_chamber, layout_basic
D:2:      layout_basic, lemuel_round_altar,
          chequers_ecumenical_altar_simple_redux
D:3:      layout_basic, nicolae_gozag_cash_rules_everything_around_me,
          minmay_misc_feat_pillars, nicolae_dithmenos_through_a_glass_darkly
D:4:      layout_gridville, nzn_overflow_gifts_of_might_and_magic,
          eat_drink_and_be_merry_uskayaw, marbit_many_paths
D:5:      layout_cave_pools, serial_shops, kennysheep_mini_moat,
          chequers_serial_rivers_micro_e, uniq_blork_the_orc, uniq_menkaure
D:6:      kennysheep_spiral_hall, layout_basic, lemuel_round_altar,
          kennysheep_mini, nicolae_ru_the_path_less_chosen,
          minmay_temple_entry_antechambers, nicolae_alphabet_shops
D:7:      layout_gridville, lemuel_coloured_pillars_altar
D:8:      layout_basic, uniq_erica, uniq_grum, uniq_maurice, uniq_maggie
D:9:      layout_stronghold, zin_scriptorium, kennysheep_little_box,
          gammafunk_ghost_grave, uniq_pikel, uniq_psyche
D:10:     layout_roguey, orc_0_dummy
D:11:     layout_roguey [special_room_orc], dpeg_oklobed_lair,
          gammafunk_ghost_hive, uniq_urug
Temple:   eino_wide_crystal_templ
Orc:1:    layout_caves, serial_shops, shop, portal_ice_cave_entry_ice_beasts
Orc:2:    grunt_orc_cross, layout_caves, bloody_trog, uniq_saint_roka

Skill      XL: |  1  2  3  4  5  6  7  8  9 10 11 |
---------------+----------------------------------+-----
Stealth        | 3 4 5 6 |  6.3
Dodging        | 2 3 4 5 6 7 |  7.3
Unarmed Combat | 3 4 5 6 7 9 10 11 | 11.9
Fighting       | 3 4 5 6 7 |  7.5

Action                   |  1- 3 |  4- 6 |  7- 9 | 10-12 || total
-------------------------+-------+-------+-------+-------++-------
Melee: Unarmed           |    41 |   229 |   185 |     1 ||   456
       Punch             |       |     7 |     5 |       ||    12
       Quarterstaff      |       |       |   119 |   532 ||   651
Evoke: Wand              |       |       |     3 |     2 ||     5
  Use: Potion            |     1 |       |     1 |     2 ||     4
       Scroll            |       |       |    16 |     3 ||    19
 Stab: Sleeping          |       |    10 |     9 |    15 ||    34
       Distracted        |       |     1 |     1 |       ||     2
Armor: Robe              |    12 |   105 |   129 |   119 ||   365
       Skin              |     1 |       |       |       ||     1
Dodge: Dodged            |     8 |   136 |   183 |   351 ||   678
